AoeStats
← El Fantasma de Pancho Villa

Arena

507597758Analyzed
4v4 RM · 14d ago on Sep 18, 2026· 53m 54s· 8 players
Game mode
Random Map
Map size
Large (8 player)
Population
200
Speed
Normal
Resources
Standard
Victory
Conquest
Starting age
Dark Age
Ending age
Imperial Age
RankedLock teamsTeams togetherTeam positionsShared explorationLock speedFull tech treeHidden civsTurbo modeCheats
Victory
Defeat
🇦🇷 Vikings · Argentina
1160
+13
🇨🇳 Mongols · China
1119
+14
🇨🇱 Bulgarians · Chile
1017
+19
🇨🇱 Bohemians · Chile
949
+22
🇺🇸 Cumans · United States
1136
-19
🇲🇽 Slavs · Mexico
1121
-19
🇺🇸 Burgundians · United States
1034
-15
🇺🇸 Spanish · United States
1024
-15
SIR DAGGY
4:09 Double-Bit Axe
10:40 Feudal Age
9:00 Horse Collar
11:32 Bow Saw
11:24 Heavy Plow
13:11 Wheelbarrow
14:08 Hand Cart
21:08 Castle Age
18:56 Loom
19:13 Gold Mining
22:35 Crop Rotation
23:08 Two-Man Saw
22:35 Stone Mining
24:11 Gold Shaft Mining
24:15 Stone Shaft Mining
30:24 Imperial Age
28:06 Treadmill Crane
28:49 Scale Barding Armor
28:54 Forging
29:51 Chain Barding Armor
30:06 Masonry
31:30 Iron Casting
31:41 Architecture
32:06 Plate Barding Armor
31:43 Burgundian Vineyards
32:16 Conscription
31:47 Cavalier
32:28 Husbandry
33:40 Blast Furnace
33:43 Paladin
37:01 Chemistry
35:44 Light Cavalry
39:42 Hussar
43:53 Padded Archer Armor
49:52 Crossbowman
50:47 Scale Mail Armor
51:04 Pikeman
51:45 Squires
51:30 Arson
52:16 Halberdier
54:13 Chain Mail Armor
nezbez
7:04 Loom
12:05 Feudal Age
13:34 Double-Bit Axe
16:28 Castle Age
14:41 Stone Mining
17:47 Bow Saw
18:45 Fletching
19:14 Padded Archer Armor
22:49 Husbandry
25:01 Bloodlines
25:47 Bodkin Arrow
26:08 Horse Collar
34:45 Imperial Age
34:00 Wheelbarrow
36:30 Hand Cart
36:20 Caravan
37:21 Elite Conquistador
40:35 Leather Archer Armor
41:13 Heavy Plow
44:47 Conscription
44:49 Supremacy
52:42 Scale Mail Armor
52:52 Forging
El Fantasma de Pancho Villa
13:11 Feudal Age
15:46 Man-at-Arms
17:04 Scale Mail Armor
17:41 Forging
23:48 Double-Bit Axe
24:20 Loom
30:14 Wheelbarrow
33:46 Castle Age
31:44 Horse Collar
34:55 Chain Mail Armor
35:43 Iron Casting
35:18 Long Swordsman
35:45 Capped Ram
37:44 Hand Cart
41:31 Imperial Age
39:27 Fletching
39:39 Padded Archer Armor
39:51 Bow Saw
40:10 Bodkin Arrow
41:27 Gold Mining
41:28 Stone Mining
41:21 Elite Skirmisher
42:34 Leather Archer Armor
44:05 Chemistry
44:03 Ring Archer Armor
44:30 Plate Mail Armor
45:01 Blast Furnace
43:52 Crossbowman
45:04 Ballistics
45:04 Thumb Ring
50:29 Pikeman
51:48 Bloodlines
50:59 Light Cavalry
51:08 Halberdier
Boywars
10:53 Feudal Age
10:29 Loom
15:00 Castle Age
13:13 Horse Collar
15:39 Double-Bit Axe
17:07 Bow Saw
25:30 Husbandry
26:07 Detinets
26:33 Stone Mining
28:21 Gold Mining
30:31 Bloodlines
33:43 Imperial Age
32:00 Wheelbarrow
32:23 Heavy Plow
32:44 Pikeman
33:25 Squires
34:48 Scale Barding Armor
34:54 Forging
34:46 Scale Mail Armor
35:16 Cavalier
35:23 Light Cavalry
36:50 Gold Shaft Mining
37:56 Chemistry
37:36 Chain Barding Armor
37:32 Chain Mail Armor
38:02 Hussar
40:50 Fletching
41:36 Iron Casting
41:59 Halberdier
46:30 Conscription
47:14 Crop Rotation
47:39 Druzhina
49:47 Plate Mail Armor
49:53 Plate Barding Armor
50:19 Blast Furnace
51:30 Elite Skirmisher
52:09 Bodkin Arrow
54:02 Padded Archer Armor
CyclicGnat62091
0:42 Loom
10:34 Feudal Age
17:10 Castle Age
15:12 Double-Bit Axe
16:09 Horse Collar
20:36 Heavy Plow
21:26 Bow Saw
24:51 Stone Mining
24:52 Gold Mining
26:11 Fortified Wall
26:50 Gold Shaft Mining
30:54 Imperial Age
28:32 Town Watch
29:09 Squires
29:41 Forging
31:09 Iron Casting
30:38 Arson
31:16 Scale Mail Armor
32:11 Town Patrol
34:20 Chain Mail Armor
35:06 Blast Furnace
34:43 Chieftains
34:39 Gambesons
36:28 Hoardings
37:05 Plate Mail Armor
39:54 Elite Berserk
47:31 Crop Rotation
54:19 Bogsveigar
Andrus
10:48 Feudal Age
15:29 Castle Age
14:22 Double-Bit Axe
14:18 Horse Collar
19:01 Loom
20:22 Fervor
20:35 Town Watch
23:05 Sanctity
23:35 Wheelbarrow
25:10 Hand Cart
26:45 Coinage
30:09 Imperial Age
28:56 Redemption
28:59 Pikeman
29:41 Scale Mail Armor
29:51 Forging
31:53 Chemistry
31:16 Hussite Reforms
31:40 Conscription
32:13 Block Printing
32:40 Illumination
32:56 Iron Casting
32:24 Heavy Plow
32:38 Bow Saw
32:16 Houfnice
33:44 Chain Mail Armor
34:29 Blast Furnace
34:17 Halberdier
39:06 Squires
47:31 Plate Mail Armor
48:02 Blast Furnace
54:07 Padded Archer Armor
54:12 Scale Barding Armor
SrTrancos
10:47 Feudal Age
10:46 Loom
11:57 Double-Bit Axe
15:26 Castle Age
13:29 Horse Collar
17:34 Bow Saw
29:39 Wheelbarrow
30:11 Heavy Plow
32:04 Forging
32:00 Scale Barding Armor
33:23 Stirrups
35:03 Bloodlines
34:56 Husbandry
37:52 Imperial Age
35:30 Light Cavalry
36:21 Bloodlines
36:11 Husbandry
37:33 Chain Barding Armor
38:48 Fletching
39:58 Bodkin Arrow
41:32 Iron Casting
41:32 Plate Barding Armor
41:01 Hussar
45:48 Blast Furnace
47:41 Hand Cart
51:25 Chemistry
50:31 Siege Engineers
Money Lin
10:29 Feudal Age
15:30 Castle Age
14:13 Double-Bit Axe
14:10 Horse Collar
19:52 Fletching
21:51 Thumb Ring
24:53 Bodkin Arrow
30:08 Padded Archer Armor
30:13 Husbandry
30:24 Bloodlines
31:32 Bow Saw
31:54 Ballistics
31:23 Light Cavalry
33:16 Leather Archer Armor
38:29 Imperial Age
38:58 Elite Mangudai
41:01 Parthian Tactics
41:38 Gold Mining
42:15 Bracer
43:23 Chemistry
47:59 Hussar
Connection lost

Rejoining the realm…

Still unreachable

The connection could not be restored.

Session expired

The server has moved on; the page needs a fresh start.